 Dungeon Crawl Stone Soup version 0.31-a0-229-g1fc7ce93e2 (webtiles) character file.

Game seed: 1958890153333676722

60 qw the Shooter (level 4, -13/26 HPs)
             Began as a Gargoyle Hexslinger on July 6, 2023.
             Killed from afar by Ijyb (14 damage)
             ... with a bolt of light
             ... on level 3 of the Dungeon.
             The game lasted 00:00:39 (1328 turns).

qw the Shooter (Gargoyle Hexslinger)                Turns: 1328, Time: 00:00:40

Health: -13/26     AC:  8    Str: 12    XL:     4   Next: 4%
Magic:  5/5        EV: 10    Int: 13    God:
Gold:   97         SH:  0    Dex: 14    Spells: 4/5 levels left

rFire   . . .        Y - +2 sling
rCold   . . .        (no shield)
rNeg    + . .        h - +0 ring mail
rPois   inf          (no helmet)
rElec   +            (no cloak)
rCorr   .            (no gloves)
SInv    .            (no boots)
Will    .....        (no amulet)
Stlth   +            (no ring)
HPRegen 0.24/turn    (no ring)
MPRegen 0.09/turn

%: no passive effects
@: no status effects
A: sickness immunity, AC +3, negative energy resistance 1, electricity
resistance, torment resistance 1, petrification resistance
a: no special abilities


You were on level 3 of the Dungeon.
You visited 1 branch of the dungeon, and saw 3 of its levels.

You collected 97 gold pieces.


Innate Abilities, Weirdness & Mutations

You are immune to sickness and miasma.
Your stone body is resilient. (AC +3)
You are immune to poison.
You resist negative energy. (rN+)
You are resistant to electric shocks. (rElec)
You are resistant to unholy torment.
You are immune to petrification.


   Skills:
 - Level 2.0 Fighting
 + Level 3.8 Ranged Weapons
 - Level 1.5 Dodging
 - Level 1.0 Spellcasting
 - Level 2.6 Hexes


You had 4 spell levels left.
You knew the following spells:

 Your Spells              Type           Power      Damage    Failure   Level
a - Slow                  Hex            28%        N/A       22%         1

Your spell library contained the following spells:

 Spells                   Type           Power      Damage    Failure   Level
 Inner Flame              Hex/Fire       4%         N/A       73%         3
 Portal Projectile        Hex/Tloc       8%         N/A       73%         3
 Cause Fear               Hex            3%         N/A       91%         4

Inventory:

Hand Weapons
 Y - a +2 sling (weapon)
Armour
 h - a +0 ring mail (worn)
Jewellery
 i - a ring of ice
Scrolls
 e - a scroll of enchant armour
Potions
 a - a potion of resistance {unknown}
 b - a potion of degeneration {unknown}
 c - a potion of lignification {unknown}
 f - a potion of curing
 g - a potion of heal wounds {unknown}

Dungeon Overview and Level Annotations

Branches:
Dungeon (3/15)

Altars:

Annotations:
D:3 Ijyb


Message History

Enter note:
Found a stone staircase leading up.
Enter note:
Enter note:
Enter note: Ijyb and a ball python come into view.
Ijyb is wielding a +0 club and carrying a wand of light (14).
The ball python hisses angrily.
Enter note:
Enter note:
Enter note: You shoot a sling bullet.
The sling bullet barely misses Ijyb.
Ijyb screams, "I no like you!"
Ijyb zaps a wand.
The bolt of light misses you.
You shoot a sling bullet. The sling bullet closely misses Ijyb.
Ijyb zaps a wand.
The bolt of light hits you!
You shoot a sling bullet. The sling bullet closely misses Ijyb.
Ijyb hits you but does no damage.
You shoot a sling bullet. The sling bullet barely misses Ijyb.
The ball python barely misses you. x2; Ijyb zaps a wand.
The bolt of light hits you! The ball python barely misses you.
The ball python misses you. Ijyb hits you with a +0 club.
You shoot a sling bullet.
The sling bullet hits Ijyb but does no damage.
The ball python bites you. The ball python grabs you.
The ball python constricts you. Ijyb hits you but does no damage.
You shoot a sling bullet.
The sling bullet closely misses the ball python.
The ball python bites you but does no damage.
The ball python constricts you. Ijyb hits you but does no damage.
The ball python bites you but does no damage.
The ball python constricts you.
You shoot a sling bullet. The sling bullet hits the ball python!
You kill the ball python!
Ijyb hits you but does no damage. Ijyb barely misses you.
You shoot a sling bullet. The sling bullet hits Ijyb.
Ijyb is lightly wounded.
Ijyb zaps a wand.
The bolt of light hits you!
Ouch! That really hurt!
You die...

...# ....
..... ###
..... ...
...... .>#
......######.#
...<..g......#
.......@.##..#
##....##.##..#
#... #.##..#
#.. #.....# #.
#####.# # #.#
#+#+### #.#
....... ##.#
......[ #..#


You could see Ijyb.

Vanquished Creatures
  An adder (D:2)
  A worm (D:2)
  An orc (D:3)
  4 ball pythons
  4 bats
  4 endoplasms
  5 giant cockroaches
  2 goblins
  6 hobgoblins
  3 kobolds
  4 quokkas
  A frilled lizard (D:1)
  7 rats
43 creatures vanquished.

Notes
Turn   | Place    | Note
-------+----------+-------------------------------------------
     0 | D:1      | qw the Gargoyle Hexslinger began the quest for the Orb.
     0 | D:1      | Reached XP level 1. HP: 12/12 MP: 2/2
     0 | D:1      | 0 ||| qw: Version: 0.3-a-46-gb1f654a
     0 | D:1      | 0 ||| qw: Game counter: 1648
     0 | D:1      | 0 ||| qw: Melee chars always use a shield: true
     0 | D:1      | 0 ||| qw: God list: Okawaru
     0 | D:1      | 0 ||| qw: Allow faded altars: false
     0 | D:1      | 0 ||| qw: Do Orc after clearing Dungeon:15 true
     0 | D:1      | 0 ||| qw: Do second Lair branch before Depths: true
     0 | D:1      | 0 ||| qw: Lair rune preference: random
     0 | D:1      | 0 ||| qw: Goals: Normal
     0 | D:1      | 0 ||| PLANNING D:1-11
   180 | D:1      | Reached XP level 2. HP: 11/16 MP: 3/3
   239 | D:1      | Reached skill level 3 in Ranged Weapons
   410 | D:1      | Reached XP level 3. HP: 21/21 MP: 4/4
   784 | D:1      | 784 ||| UPGRADING to +0 leather armour.
   794 | D:1      | 794 ||| DROPPING +0 robe.
   795 | D:1      | 795 ||| UPGRADING to +0 ring mail.
   805 | D:1      | 805 ||| DROPPING +0 leather armour.
   806 | D:1      | 806 ||| READING scroll labelled URHYUH ORESOIRIE.
   807 | D:1      | 807 ||| READING scroll labelled AMU DOABUITH.
   808 | D:1      | 808 ||| DRINKING 2 lumpy dark potions.
   809 | D:1      | 809 ||| DROPPING scroll of poison.
  1042 | D:2      | Found a faded altar of an unknown god.
  1196 | D:2      | 1196 ||| READING scroll labelled DAGREIFACO.
  1197 | D:2      | 1197 ||| READING scroll labelled ROQIOH YTARIM.
  1198 | D:2      | 1198 ||| READING scroll labelled IQEDWA AMOCH.
  1301 | D:3      | Reached XP level 4. HP: 26/26 MP: 5/5
  1320 | D:3      | Noticed Ijyb
  1324 | D:3      | HP: 6/26 [Ijyb/bolt of light (10)]
  1324 | D:3      | HP: 2/26 [Ijyb/+0 club (4)]
  1328 | D:3      | Killed from afar by Ijyb

Levels and vault maps discovered:
D:1:      grunt_arrival_crossed_arrows, layout_loops_ring, st_stairs_13,
          chequers_serial_rivers_micro_c
D:2:      layout_basic, ebering_ecumenical_altar_petrified
D:3:      layout_basic, chequers_temple_overflow_statue_of_worship, uniq_ijyb

Skill      XL: |  1  2 |
---------------+-------+-----
Ranged Weapons | 3 |  3.8
Fighting       | 2 |  2.0
Dodging        | |  1.5
Spellcasting   | |  1.0
Hexes          | |  2.6

Action                     |  1- 3 |  4- 6 || total
---------------------------+-------+-------++-------
   Fire: Sling             |   151 |     8 ||   159
    Use: Scroll            |     5 |       ||     5
         Potion            |     1 |       ||     1
 Armour: Robe              |    22 |       ||    22
         Ring mail         |    14 |     6 ||    20
  Dodge: Dodged            |    48 |     6 ||    54

Table legend:
 A = Non-vault XP
 B = Vault XP
 C = Vault XP percentage of total XP
 D = Non-vault monster count
 E = Vault monster count
 F = Vault count percentage of total count
                 A         B        C        D         E       F
            +---------+---------+-------+---------+---------+-------
      Total |      84 |       2 |   2.3 |      42 |       1 |   2.3
            +---------+---------+-------+---------+---------+-------
        D:1 |      44 |       2 |   4.3 |      27 |       1 |   3.6
        D:2 |      30 |       0 |   0.0 |      10 |       0 |   0.0
        D:3 |      10 |       0 |   0.0 |       5 |       0 |   0.0
            +---------+---------+-------+---------+---------+-------
